 Dungeon Crawl Stone Soup version 0.30.1-9-gdf580d7c3d (webtiles) character file.

Game seed: 12543523163714913840

2 H0rd4k the Charlatan (level 1, 0/13 HPs)
             Began as an Octopode Artificer on Oct 24, 2023.
             Slain by a hobgoblin (5 damage)
             ... on level 1 of the Dungeon.
             The game lasted 00:00:09 (38 turns).

H0rd4k the Charlatan (Octopode Artificer)             Turns: 38, Time: 00:00:10

Health: 0/13       AC:  1    Str: 11    XL:     1   Next: 40%
Magic:  1/1        EV: 13    Int: 13    God:
Gold:   0          SH:  0    Dex: 12    Spells: 0/0 levels left

rFire   . . .        (no weapon)
rCold   . . .        (no shield)
rNeg    . . .        (helmet restricted)
rPois   .            (no amulet)
rElec   .            (no ring)
rCorr   .            (no ring)
SInv    .            (no ring)
Will    .....        (no ring)
Stlth   +++          (no ring)
HPRegen 0.22/turn    (no ring)
MPRegen 0.07/turn    (no ring)
                     (no ring)

%: no passive effects
@: no status effects
A: almost no armour, amphibious, 8 rings, camouflage 1, gelatinous body 1,
(nimble swimmer 1), tentacles
a: no special abilities


You were on level 1 of the Dungeon.
You visited 1 branch of the dungeon, and saw 1 of its levels.

Inventory:

Wands
 b - a wand of flame (15) (quivered)
 c - a wand of charming (15)
 d - a wand of iceblast (5)


   Skills:
 + Level 1.2 Fighting
 + Level 2.3 Dodging
 - Level 1.3 Stealth
 + Level 3.4 Evocations


You couldn't memorise any spells.
You didn't know any spells.
Your spell library was empty.

Dungeon Overview and Level Annotations

Branches:
Dungeon (1/15)

Altars:


Innate Abilities, Weirdness & Mutations

You cannot wear most types of armour.
You are amphibious.
You can wear up to eight rings at the same time.
Your skin changes colour to match your surroundings (Stealth+).
Your rubbery body absorbs attacks. (AC +1, EV +1)
((You are camouflaged when in or above water. (Stealth+)))
You have tentacles for arms and can constrict up to eight enemies at once.


Message History

There are monsters nearby!
A hobgoblin comes into view.
A ball python comes into view.
The kobold closely misses you.
There are monsters nearby!
You barely miss the kobold. Your grab misses the kobold. The bat hits you.
The kobold hits you with a +0 short sword.
You barely miss the kobold. Your grab misses the kobold.
You squeeze the kobold.
You kill the kobold!
The bat closely misses you. The bat barely misses you.
You tentacle-slap the bat but do no damage.
Your grab misses the bat. Your squeeze misses the bat.
The bat closely misses you. x2
You barely miss the bat.
The goblin shouts!
You grab the bat. You constrict the bat. The bat hits you but does no damage.
The bat escapes!
A ball python comes into view.
The bat barely misses you.
You tentacle-slap the bat.
You kill the bat!
The ball python closely misses you. The ball python grabs you.
The ball python constricts you.
You barely miss the ball python. Your grab misses the ball python.
A bat comes into view.
The ball python bites you. The ball python constricts you.
The hobgoblin closely misses you.
You completely miss the ball python. You grab the ball python.
You constrict the ball python. The ball python barely misses you.
The ball python constricts you. The hobgoblin hits you.
You are too injured to fight recklessly!
You are too injured to fight recklessly!
You are too injured to fight recklessly!
You tentacle-slap the hobgoblin. Your grab misses the hobgoblin.
The hobgoblin is heavily wounded.
You constrict the ball python.
You kill the ball python!
A hobgoblin comes into view.
The hobgoblin hits you.
You die...

##...##
.......##
........#
........# ...
......... ....
........# ....
......†g# .....
....gb†@###.....
.....S........#
g..#####......#
. ##......#
#..###### #.##
#.# #.# #.#


You could see 2 hobgoblins, a goblin, a bat and a ball python.

Vanquished Creatures
  A kobold (D:1)
  A ball python (D:1)
  2 bats (D:1)
4 creatures vanquished.

Notes
Turn   | Place    | Note
-------+----------+-------------------------------------------
     0 | D:1      | H0rd4k the Octopode Artificer began the quest for the Orb.
     0 | D:1      | Reached XP level 1. HP: 13/13 MP: 1/1
    38 | D:1      | Slain by a hobgoblin

Illustrated notes

Levels and vault maps discovered:
D:1:      dpeg_arrival_rooms_b, layout_rooms, st_stairs_9

Action                     || total
---------------------------++-------
  Melee: Unarmed           ||     9
         Constrict         ||     3
         Tentacles         ||     2
 Armour: Skin              ||     1
  Dodge: Dodged            ||    10
